 Dungeon Crawl Stone Soup version 0.29-a0-375-g5102b3be25 (webtiles) character file.

Game seed: 263741834231827082

59 spaghetti the Vexing (level 4, -3/34 HPs)
             Began as a Gnoll Arcane Marksman on May 3, 2022.
             Slain by a troll (6 damage)
             ... on level 5 of the Dungeon.
             The game lasted 00:03:38 (1976 turns).

spaghetti the Vexing (Gnoll Arcane Marksman)        Turns: 1976, Time: 00:03:39

Health: -3/34      AC:  4    Str: 13    XL:     4   Next: 3%
Magic:  8/8        EV: 13    Int: 19    God:
Gold:   158        SH:  0    Dex: 14    Spells: 1/8 levels left

rFire   . . .      SeeInvis .     - Unarmed
rCold   . . .      Faith    .   (no shield)
rNeg    . . .      Spirit   .   r - +1 robe of Bequeathed Birdsong {rPois Will+ Str+4}
rPois   +          Reflect  .   k - +0 helmet
rElec   .          Harm     .   (no cloak)
rCorr   .          Rampage  .   (no gloves)
Will    +....                   (no boots)
Stlth   ++........              (no amulet)
HPRegen 0.11/turn               s - +6 ring of intelligence
MPRegen 0.11/turn               (no ring)

@: no status effects
A: fangs 1, strong nose, distributed training
a: no special abilities


You were on level 5 of the Dungeon.
You visited 1 branch of the dungeon, and saw 4 of its levels.

You collected 158 gold pieces.


Innate Abilities, Weirdness & Mutations

You have very sharp teeth.
Your uncanny sense of smell can sniff out nearby items.
Your experience applies equally to all skills.


   Skills:
 + Level 2.7 Fighting
 + Level 1.0 Short Blades
 + Level 1.0 Long Blades
 + Level 1.0 Axes
 + Level 1.0 Maces & Flails
 + Level 1.0 Polearms
 + Level 1.0 Staves
 + Level 1.0 Slings
 + Level 4.6 Bows
 + Level 1.0 Crossbows
 + Level 1.0 Throwing
 + Level 1.0 Armour
 + Level 4.6 Dodging
 + Level 1.0 Stealth
 + Level 1.0 Shields
 + Level 1.0 Unarmed Combat
 + Level 2.9 Spellcasting
 + Level 0.7 Conjurations
 + Level 5.4 Hexes
 + Level 0.7 Summonings
 + Level 0.7 Necromancy
 + Level 0.7 Translocations
 + Level 0.7 Transmutations
 + Level 0.7 Fire Magic
 + Level 0.7 Ice Magic
 + Level 0.7 Air Magic
 + Level 0.7 Earth Magic
 + Level 0.7 Poison Magic
 + Level 1.1 Invocations
 + Level 1.0 Evocations


You had one spell level left.
You knew the following spells:

 Your Spells              Type           Power      Damage    Failure   Level
a - Slow                  Hex            92%        N/A       1%          1
b - Inner Flame           Hex/Fire       14%        N/A       13%         3
c - Portal Projectile     Hex/Tloc       28%        N/A       13%         3

Your spell library contained the following spells:

 Spells                   Type           Power      Damage    Failure   Level
 Cause Fear               Hex            11%        N/A       16%         4

Inventory:

Hand Weapons
 a - a +0 shortbow {bow}
 t - a +2 flail of protection {mace}
   (You took it off an orc on level 4 of the Dungeon)
Missiles
 f - 2 throwing nets {=f!fthrowing}
Armour
 b - a +0 robe
 k - a +0 helmet (worn)
   (You found it on level 1 of the Dungeon)
 n - a +0 tower shield
   (You found it on level 4 of the Dungeon)
 r - the +1 robe of Bequeathed Birdsong (worn) {rPois Will+ Str+4}
   (You found it on level 4 of the Dungeon)

   Str:       It affects your strength (+4).
   rPois:     It protects you from poison.
   Will:      It increases your willpower.
Jewellery
 s - a +6 ring of intelligence (left hand)
   (You found it on level 4 of the Dungeon)
Wands
 o - a wand of polymorph (7)
   (You found it on level 4 of the Dungeon)
Scrolls
 c - a scroll of vulnerability {!r!r}
 d - 2 scrolls of teleportation {unknown}
 e - 2 scrolls of identify {unknown}
 g - a scroll of fear {unknown}
 l - a scroll of immolation {unknown}
 p - a scroll of noise {unknown}
 q - a scroll of magic mapping {unknown}
Potions
 h - a potion of cancellation {unknown}
 i - a potion of haste {unknown}
 j - a potion of mutation {unknown}
 m - 2 potions of heal wounds {unknown}

Dungeon Overview and Level Annotations

Branches:
Dungeon (5/15)
 Temple: D:4-7

Altars:
Qazlal
Uskayaw

Shops:
D:4

( #######
#.o...##.W
#T@......#
#o....####
#.....#
#.....#
#....[#
#.....o
#####Y..
....


You could see a troll, an ice beast (wandering), a phantom (wandering), an orc
wizard and 2 orcs.


Message History

An orc is nearby!
Shoot: a) +0 shortbow {bow}
Press: ? - help, Q - select action, (/) - cycle Shift-Dir - straight line, f - orc
Aim: an orc, wielding a +0 war axe and wearing a +0 leather armour (62% to hit)
You shoot an arrow. The arrow hits the orc.
An orc comes into view. It is wielding a +0 club.
Shoot: a) +0 shortbow {bow}
Press: ? - help, Q - select action, (/) - cycle Shift-Dir - straight line, f - orc
Aim: an orc, wielding a +0 club and wearing a +0 leather armour (wandering, hasn't noticed you, 62% to hit)
You shoot an arrow.
The arrow hits the orc but does no damage.
Shoot: a) +0 shortbow {bow}
Press: ? - help, Q - select action, (/) - cycle Shift-Dir - straight line, f/p - orc
Aim: an orc, wielding a +0 club and wearing a +0 leather armour (62% to hit)
You shoot an arrow. The arrow closely misses the orc.
The arrow barely misses the orc.
Shoot: a) +0 shortbow {bow}
Press: ? - help, Q - select action, (/) - cycle Shift-Dir - straight line, f - orc
Aim: an orc, wielding a +0 war axe and wearing a +0 leather armour (severely wounded, 62% to hit)
You shoot an arrow. The arrow hits the orc!
You kill the orc!
You have reached level 4!
You feel clever. 😎 HP[+6] MP[+1]
You now have 34 max hp (+6).
Your hp is fully restored (34).
Your mp is fully restored (8).
Shoot: a) +0 shortbow {bow}
Press: ? - help, Q - select action, (/) - cycle Shift-Dir - straight line, f - orc
Aim: an orc, wielding a +0 club and wearing a +0 leather armour (62% to hit)
You shoot an arrow. The arrow barely misses the orc.
Shoot: a) +0 shortbow {bow}
Press: ? - help, Q - select action, (/) - cycle Shift-Dir - straight line, f/p - orc
Aim: an orc, wielding a +0 club and wearing a +0 leather armour (62% to hit)
You shoot an arrow. The arrow closely misses the orc.
An orc comes into view. It is wielding a +0 hand axe.
Shoot: a) +0 shortbow {bow}
Press: ? - help, Q - select action, (/) - cycle Shift-Dir - straight line, f/p - orc
Aim: an orc, wielding a +0 club and wearing a +0 leather armour (62% to hit)
You shoot an arrow. The arrow barely misses the orc.
The orc shouts!
Shoot: a) +0 shortbow {bow}
Press: ? - help, Q - select action, (/) - cycle Shift-Dir - straight line, f/p - orc
Aim: an orc, wielding a +0 club and wearing a +0 leather armour (62% to hit)
You shoot an arrow.
The arrow hits the orc but does no damage.
An orc comes into view. It is wielding a +0 club.
The orc hits you with a +0 club.
An orc wizard comes into view. It is wielding a +0 dagger.
A troll comes into view.
The orc wizard moves out of view. 😕 HP[-4]
You take 4 damage, and now have 30/34 hp.
Shoot: a) +0 shortbow {bow}
Press: ? - help, Q - select action, (/) - cycle Shift-Dir - straight line, f/p - orc
Aim: an orc, wielding a +0 club and wearing a +0 leather armour (62% to hit)
You shoot an arrow. The arrow closely misses the orc.
The troll shouts!
The orc hits you with a +0 club.
A hound comes into view. 😕 HP[-1]
You take 1 damage, and now have 29/34 hp.
You can't go down here!
The orc barely misses you.
You climb upwards.
There is a stone staircase leading down here.
Unknown command.
You are now empty-handed.
You hit the orc but do no damage.
The orc hits you with a +0 club. 😕 HP[-2]
You take 2 damage, and now have 27/34 hp.
You hit the orc.
The orc hits you with a +0 club. 😮 HP[-3]
You take 3 damage, and now have 24/34 hp.
You hit the orc. The orc barely misses you.
You barely miss the orc. Your bite misses the orc. The orc barely misses you.
You hit the orc but do no damage. You bite the orc, but do no damage.
The orc hits you with a +0 club. 😮 HP[-2]
You take 2 damage, and now have 22/34 hp.
You hit the orc. Your bite misses the orc.
The orc hits you with a +0 club. 😮 HP[-4]
You take 4 damage, and now have 18/34 hp.
You completely miss the orc. The orc hits you but does no damage.
You hit the orc.
You kill the orc!
You start resting. 😎 HP[+16]
Your hp is fully restored (34).
You climb downwards.
The orc barely misses you. The orc hits you with a +0 hand axe.
The troll bites you! The troll claws you!
* * * LOW HITPOINT WARNING * * *
The troll claws you.
* * * LOW HITPOINT WARNING * * *
The orc barely misses you. The orc hits you with a +0 hand axe.
* * * LOW HITPOINT WARNING * * *
A phantom comes into view.
The troll bites you!
* * * LOW HITPOINT WARNING * * *
The troll claws you.
You die...

Skill      XL: |  1  2  3 |
---------------+----------+-----
Invocations    | 1 |  1.1
Short Blades   | 1 |  1.0
Long Blades    | 1 |  1.0
Axes           | 1 |  1.0
Maces & Flails | 1 |  1.0
Polearms       | 1 |  1.0
Staves         | 1 |  1.0
Slings         | 1 |  1.0
Crossbows      | 1 |  1.0
Throwing       | 1 |  1.0
Armour         | 1 |  1.0
Stealth        | 1 |  1.0
Shields        | 1 |  1.0
Unarmed Combat | 1 |  1.0
Evocations     | 1 |  1.0
Fighting       | |  2.7
Bows           | |  4.6
Dodging        | |  4.6
Spellcasting   | |  2.9
Conjurations   | |  0.7
Hexes          | |  5.4
Summonings     | |  0.7
Necromancy     | |  0.7
Translocations | |  0.7
Transmutations | |  0.7
Fire Magic     | |  0.7
Ice Magic      | |  0.7
Air Magic      | |  0.7
Earth Magic    | |  0.7
Poison Magic   | |  0.7

Action                   |  1- 3 |  4- 6 || total
-------------------------+-------+-------++-------
Melee: Unarmed           |       |     8 ||     8
       Bite              |       |     1 ||     1
 Fire: Shortbow          |    88 |     5 ||    93
Armor: Robe              |     7 |     1 ||     8
Dodge: Dodged            |    34 |     5 ||    39

Levels and vault maps discovered:
D:1:      grunt_arrival_crossed_arrows, layout_loops_corners, st_stairs_13,
          kennysheep_boxes
D:2:      layout_rooms, uniq_terence, uniq_crazy_yiuf_cottage
D:4:      layout_rooms, grunt_qazlal_clouds, nicolae_uskayaw_en_pointe,
          kennysheep_decorative_pillar, roderic_three_in_a_row, minivault_24,
          nicolae_stop_n_shop_2
D:5:      layout_rooms

Notes
Turn   | Place    | Note
-------+----------+-------------------------------------------
     0 | D:1      | spaghetti the Gnoll Arcane Marksman began the quest for the
                  | Orb.
     0 | D:1      | Reached XP level 1. HP: 17/17 MP: 4/4
     0 | D:1      | magus.rc [v1.9.6]
   197 | D:1      | Reached XP level 2. HP: 23/23 MP: 5/5
   951 | D:2      | You fall into a shaft and drop 2 floors!
  1148 | D:4      | Found a stormy altar of Qazlal.
  1184 | D:4      | Reached XP level 3. HP: 15/28 MP: 7/7
  1187 | D:4      | Identified the +1 robe of Bequeathed Birdsong {rPois Will+
                  | Str+4}
  1439 | D:4      | Found Zeluonn's Antique Weapon Shoppe.
  1451 | D:4      | Learned a level 3 spell: Inner Flame
  1455 | D:4      | Learned a level 3 spell: Portal Projectile
  1521 | D:4      | Reached skill level 1 in Invocations
  1671 | D:4      | Noticed a +0 dagger
  1671 | D:4      | Noticed a +0 spear
  1673 | D:4      | Noticed a +0 falchion
  1674 | D:4      | Noticed a +0 falchion
  1675 | D:4      | Noticed a +0 spear
  1676 | D:4      | Noticed a +0 dagger
  1676 | D:4      | Noticed a +0 short sword
  1676 | D:4      | Noticed a +0 short sword
  1678 | D:4      | Found a hide-covered altar of Uskayaw.
  1689 | D:4      | Reached skill level 1 in Short Blades
  1689 | D:4      | Reached skill level 1 in Long Blades
  1689 | D:4      | Reached skill level 1 in Axes
  1689 | D:4      | Reached skill level 1 in Maces & Flails
  1689 | D:4      | Reached skill level 1 in Polearms
  1689 | D:4      | Reached skill level 1 in Staves
  1689 | D:4      | Reached skill level 1 in Slings
  1689 | D:4      | Reached skill level 1 in Crossbows
  1689 | D:4      | Reached skill level 1 in Throwing
  1689 | D:4      | Reached skill level 1 in Armour
  1689 | D:4      | Reached skill level 1 in Stealth
  1689 | D:4      | Reached skill level 1 in Shields
  1689 | D:4      | Reached skill level 1 in Unarmed Combat
  1689 | D:4      | Reached skill level 1 in Evocations
  1810 | D:5      | Entered Level 5 of the Dungeon
  1815 | D:5      | Reached XP level 4. HP: 34/34 MP: 8/8
  1818 | D:5      | Noticed a troll
  1820 | D:5      | Noticed an ice beast
  1976 | D:5      | Noticed a phantom
  1976 | D:5      | HP: 3/34 [troll (7)]
  1976 | D:5      | Slain by a troll

Vanquished Creatures
  An adder (D:4)
  2 ufetubi (D:4)
  6 orcs
  5 goblins
  2 hobgoblins
  4 jackals (D:1)
  2 quokkas
  3 ball pythons
  3 bats (D:1)
  2 kobolds (D:1)
  3 rats (D:1)
33 creatures vanquished.

Table legend:
 A = Non-vault XP
 B = Vault XP
 C = Vault XP percentage of total XP
 D = Non-vault monster count
 E = Vault monster count
 F = Vault count percentage of total count
                 A         B        C        D         E       F
            +---------+---------+-------+---------+---------+-------
      Total |      84 |       1 |   1.2 |      32 |       1 |   3.0
            +---------+---------+-------+---------+---------+-------
        D:1 |      24 |       1 |   4.0 |      16 |       1 |   5.9
        D:4 |      57 |       0 |   0.0 |      15 |       0 |   0.0
        D:5 |       3 |       0 |   0.0 |       1 |       0 |   0.0
            +---------+---------+-------+---------+---------+-------

Illustrated notes

Table legend:
 A = Kills in this place as a percentage of kills in entire the game.
 B = Kills by you in this place as a percentage of kills by you in the entire game.
 C = Kills by friends in this place as a percentage of kills by friends in the entire game.
 D = Other kills in this place as a percentage of other kills in the entire game.
 E = Experience gained in this place as a percentage of experience gained in the entire game.
 F = Experience gained in this place divided by the number of levels of this place that you have seen.
                   A       B       C       D       E      F
               +-------+-------+-------+-------+-------+----------------------
         Total | 100.0 | 100.0 |   N/A |   N/A | 100.0 |  21.2
       Dungeon | 100.0 | 100.0 |   N/A |   N/A | 100.0 |  21.2
               +-------+-------+-------+-------+-------+----------------------

Table legend: (Time is in decaauts)
 A = Elapsed time spent in this place.
 B = Non-inter-level travel time spent in this place.
 C = Inter-level travel time spent in this place.
 D = Time resting spent in this place.
 E = Time spent auto-exploring this place.
 F = Levels seen in this place.
 G = Mean time per level.
                   A        B        C        D        E       F      G
               +--------+--------+--------+--------+--------+-----+--------+
         Total |   2000 |   1889 |    111 |    350 |   1296 |   4 |  500.0 |
       Dungeon |   2000 |   1889 |    111 |    350 |   1296 |   4 |  500.0 |
               +--------+--------+--------+--------+--------+-----+--------+

Top non-repeatable levels by time:
     D:4: 1027 daAuts
     D:1: 960 daAuts
     D:5: 13 daAuts
